 Dungeon Crawl Stone Soup version 0.27.1-1-g398f81649c (webtiles) character file.

Game seed: 1803601170053923853

72 Destapler the Magician (level 4, -1/33 HPs)
             Began as a Palentonga Hedge Wizard on Sept 9, 2021.
             Succumbed to Crazy Yiuf's poison
             ... on level 2 of the Dungeon.
             The game lasted 00:08:03 (1839 turns).

Destapler the Magician (Palentonga Hedge Wizard)    Turns: 1839, Time: 00:08:04

Health: -1/33      AC:  4    Str: 14    XL:     4   Next: 7%
Magic:  9/9        EV: 10    Int: 14    God:
Gold:   126        SH:  0    Dex: 10    Spells: 8/9 levels left

rFire    + . .     SeeInvis +   j - +4 mace
rCold    + . .     Faith    .   (no shield)
rNeg     . . .     Spirit   .   B - +0 robe
rPois    +         Reflect  .   c - +0 hat
rElec    +         Harm     .   (no cloak)
rCorr    +         Rampage  .   (no gloves)
Will     .....                  (no barding)
Stlth    ++........             (no amulet)
HPRegen  0.11/turn              (no ring)
MPRegen  0.11/turn              (no ring)

@: lethally poisoned (-1 -> -14), resistant, very slightly contaminated,
invisible
A: large, rugged brown scales 3, see invisible, deformed body, roll 1, armoured
tail
a: Rolling Charge


You were on level 2 of the Dungeon.
You visited 1 branch of the dungeon, and saw 2 of its levels.

You collected 126 gold pieces.

Inventory:

Hand Weapons
 a - a +0 dagger
 j - a +4 mace (weapon)
Missiles
 b - 3 atropa-tipped darts
Armour
 c - a +0 hat (worn)
 B - a +0 robe (worn)
Scrolls
 e - a scroll of acquirement {unknown}
 f - 2 scrolls of amnesia {unknown}
 g - 2 scrolls of teleportation {unknown}
 i - a scroll of identify {unknown}
Potions
 d - a potion of lignification {unknown}
 h - 2 potions of resistance
 k - a potion of curing {unknown}


   Skills:
 + Level 0.7 Fighting
 + Level 0.5 Armour
 + Level 2.1 Dodging
 - Level 1.4 Stealth
 + Level 3.3 Spellcasting
 - Level 1.2 Conjurations
 - Level 1.2 Summonings
 + Level 1.8 Translocations


You had 8 spell levels left.
You knew the following spells:

 Your Spells              Type           Power      Damage    Failure   Level
a - Magic Dart            Conj           20%        1d4       12%         1

Your spell library contained the following spells:

 Spells                   Type           Power      Damage    Failure   Level
 Blink                    Tloc           N/A        N/A       14%         2
 Call Imp                 Summ           5%         N/A       19%         2
 Lesser Beckoning         Tloc           3%         N/A       28%         3
 Slow                     Hex            2%         N/A       30%         2
 Conjure Flame            Conj/Fire      4%         6-21      43%         3
 Mephitic Cloud           Conj/Pois/Air  3%         N/A       45%         3
 Manifold Assault         Tloc           7%         N/A       95%         5


Dungeon Overview and Level Annotations

Branches:
Dungeon (2/15)

Altars:

Annotations:
D:2 Crazy Yiuf


Innate Abilities, Weirdness & Mutations

You are completely covered in rugged brown scales. (AC +3, +7% HP)
You have supernaturally acute eyesight. (SInv)
Armour fits poorly on your strangely shaped body.
You can roll at nearby foes to attack.
You have a long armoured tail.


Message History

No target in view!
No target in view!
Things that are here:
a +0 dagger; a +0 hunting sling; 16 stones You see here a +0 hand axe.
Partly explored, can't reach some places.
You sock the fungus!
The fungus begins to die.
The fungus is lightly damaged.
You hit the fungus.
The fungus begins to die.
The fungus is lightly damaged.
A nearby fungus withers and dies.
You hit the fungus.
The fungus begins to die.
You tail-slap the fungus!
The fungus is lightly damaged.
A nearby fungus withers and dies.
You hit the fungus.
The fungus begins to die.
The fungus is lightly damaged.
You hit the fungus.
The fungus begins to die.
The fungus is lightly damaged.
You hit the fungus. You tail-slap the fungus!
The fungus is lightly damaged.
A nearby fungus withers and dies. x2
Found a mace.
Found a runed translucent door.
You open the door.
You roll forward with a clatter of scales!
Crazy Yiuf shouts!
You sock Crazy Yiuf!
Crazy Yiuf is severely wounded.
Crazy Yiuf hits you with a +4 quarterstaff of chaos!
Crazy Yiuf freezes you.
You hit Crazy Yiuf.
Crazy Yiuf is almost dead.
Crazy Yiuf hits you with a +4 quarterstaff of chaos!
You are poisoned.
Crazy Yiuf hits you with a +4 quarterstaff of chaos!
* * * LOW HITPOINT WARNING * * *
You fade into invisibility!
You are very lightly contaminated with residual magic.
It was a potion of resistance.
You feel protected.
You die...

.###..#
#.#.###
#.#†#.#
#.....##
##.##.#
##.#...#####
......#
#.##.......
#######
#.#########
#..# # #####
##.# #)g.#
###.########
#.@.#
#......)....
#.°.#
###.######..
##°##
###.###.)..#
♣°♣♣
#....(..####
♣♣.♣
#......##
♣.♣♣
#.....##
♣♣.♣ #.#####
♣♣.♣♣ #.#
♣♣...♣ #.#


You could see Crazy Yiuf.

Vanquished Creatures
  Jessica (D:2)
  An adder (D:2)
  3 dart slugs
  4 ball pythons
  5 bats
  4 endoplasms
  A giant cockroach (D:2)
  A hobgoblin (D:1)
  3 quokkas
  3 frilled lizards (D:1)
  A goblin (D:2)
  2 kobolds
  4 rats (D:1)
33 creatures vanquished.

Vanquished Creatures (others)
  5 fungi (D:2)
  3 withered plants (D:2)
8 creatures vanquished.

Grand Total: 41 creatures vanquished

Notes
Turn   | Place    | Note
-------+----------+-------------------------------------------
     0 | D:1      | Destapler the Palentonga Hedge Wizard began the quest for
                  | the Orb.
     0 | D:1      | Reached XP level 1. HP: 13/13 MP: 4/4
    53 | D:1      | Reached skill level 1 in Conjurations
    68 | D:1      | Reached XP level 2. HP: 8/20 MP: 3/6
   361 | D:1      | Reached skill level 1 in Summonings
  1294 | D:2      | Found a faded altar of an unknown god.
  1350 | D:2      | Reached XP level 3. HP: 20/25 MP: 1/7
  1685 | D:2      | Noticed Jessica
  1688 | D:2      | Killed Jessica
  1689 | D:2      | Reached XP level 4. HP: 33/33 MP: 9/9
  1832 | D:2      | Found a runed translucent door.
  1833 | D:2      | Noticed Crazy Yiuf
  1839 | D:2      | Succumbed to Crazy Yiuf's poison

Illustrated notes

Levels and vault maps discovered:
D:1:      wander_arrival_chamber, layout_basic
D:2:      layout_rooms, ebering_ecumenical_altar_petrified,
          kennysheep_generic_room_9, uniq_jessica, uniq_crazy_yiuf_cottage

Skill      XL: |  1  2  3 |
---------------+----------+-----
Conjurations   | 1 |  1.2
Summonings     | 1 |  1.2
Dodging        | 2 |  2.1
Fighting       | |  0.7
Armour         | |  0.5
Stealth        | |  1.4
Spellcasting   | |  3.3
Translocations | |  1.8

Action                   |  1- 3 |  4- 6 || total
-------------------------+-------+-------++-------
Melee: Dagger            |    59 |       ||    59
       Tailslap          |     4 |     2 ||     6
       Mace              |     9 |    10 ||    19
 Cast: Magic Dart        |    28 |       ||    28
 Abil: Rolling Charge    |    20 |     2 ||    22
  Use: Potion            |       |     1 ||     1
Armor: Robe              |    26 |     2 ||    28
Dodge: Dodged            |    21 |     1 ||    22
